[ AOE2 MATCH · #478584965 ]
UnrankedGurjaras vs Teutons
[ REPLAY ANALYSIS · EXTRACTED FROM THE RECORDED GAME ]
Feudal
12:52
Castle
16:47
Imperial
—
| APM avg | 36.0 |
| APM peak | 58 |
| eAPM avg | 22.2 |
| Villagers / military | 146 / 159 |
Focus
⚔️ 48.2% · 🌾 51.8%
Camel Scout ×130 · Chakram Thrower ×22 · Spearman ×4 · Trade Cart ×4 · Scout Cavalry ×2 · Mangonel ×1
Feudal
11:44
Castle
21:56
Imperial
—
| APM avg | 47.4 |
| APM peak | 83 |
| eAPM avg | 25.4 |
| Villagers / military | 116 / 159 |
Focus
⚔️ 34.3% · 🌾 65.7%
Spearman ×78 · Knight ×46 · Teutonic Knight ×16 · Scout Cavalry ×9 · Battering Ram ×7 · Monk ×3
Feudal
11:57
Castle
22:01
Imperial
39:07
| APM avg | 36.4 |
| APM peak | 74 |
| eAPM avg | 20.2 |
| Villagers / military | 155 / 251 |
Focus
⚔️ 30.1% · 🌾 69.9%
Scout Cavalry ×167 · Camel Scout ×59 · Knight ×25
Feudal
13:11
Castle
17:35
Imperial
—
| APM avg | 61.5 |
| APM peak | 121 |
| eAPM avg | 22.4 |
| Villagers / military | 63 / 4 |
Focus
⚔️ 60.6% · 🌾 39.4%
Unknown (2579) ×102 · Battering Ram ×4
Feudal
34:26
Castle
37:56
Imperial
—
| APM avg | 20.1 |
| APM peak | 60 |
| eAPM avg | 15.4 |
| Villagers / military | 117 / 0 |
Focus
⚔️ 10.7% · 🌾 89.3%
Feudal
11:54
Castle
29:36
Imperial
—
| APM avg | 46.6 |
| APM peak | 81 |
| eAPM avg | 23.6 |
| Villagers / military | 139 / 74 |
Focus
⚔️ 33.3% · 🌾 66.7%
Camel Scout ×25 · Spearman ×18 · Cavalry Archer ×15 · Archer ×11 · Militia ×2 · Skirmisher ×2
Feudal
19:23
Castle
25:14
Imperial
—
| APM avg | 43.3 |
| APM peak | 79 |
| eAPM avg | 25.1 |
| Villagers / military | 155 / 27 |
Focus
⚔️ 37.3% · 🌾 62.7%
Steppe Lancer ×16 · Spearman ×8 · Monk ×3
Feudal
12:05
Castle
22:02
Imperial
—
| APM avg | 54.8 |
| APM peak | 102 |
| eAPM avg | 25.4 |
| Villagers / military | 116 / 14 |
Focus
⚔️ 31.5% · 🌾 68.5%
Scout Cavalry ×6 · Mangonel ×4 · Scorpion ×3 · Monk ×1
Match map
Initial resources + every placement click. Lines = walls · curves = elevation contours. ◆ gold · ⬟ stone · ● berries · ✦ relic · ◌ wall gap
Your base· Open — 8t gap
FeelMySpike's base· Open — 12t gap
Maverick_Taha's base· Open — unwalled flank
KappaNub's base· Open — unwalled flank
alican43's base· Open — 2t gap
YuYa_AoE's base· Open — 5t gap
BombacıMülayim's base· Open — unwalled flank
EJDER's base· Open — 8t gap
Smoothed initial terrain · ◌ = detected wall gap · hover for details
Inputs per minute
— PolishedPoo - - FeelMySpike
Build order — PolishedPoo
First 150 of 379 actions detected
| 0:06 | Build | Town Center |
| 1:43 | Build | House |
| 1:44 | Build | House |
| 2:19 | Create | Villager (Male) |
| 2:19 | Create | Villager (Male) |
| 2:20 | Create | Villager (Male) |
| 2:20 | Create | Villager (Male) |
| 2:20 | Create | Villager (Male) |
| 3:30 | Create | Villager (Male) |
| 3:45 | Create | Villager (Male) |
| 3:45 | Create | Villager (Male) |
| 4:17 | Create | Villager (Male) |
| 4:26 | Build | Palisade Wall |
| 4:31 | Build | Palisade Wall |
| 4:39 | Build | Palisade Wall |
| 4:46 | Build | Palisade Wall |
| 5:06 | Create | Villager (Male) |
| 5:34 | Create | Villager (Male) |
| 5:35 | Create | Villager (Male) |
| 6:12 | Build | Lumber Camp |
| 6:13 | Create | Villager (Male) |
| 6:41 | Build | House |
| 6:57 | Create | Villager (Male) |
| 6:57 | Create | Villager (Male) |
| 6:57 | Create | Villager (Male) |
| 7:22 | Build | Palisade Wall |
| 7:28 | Build | Palisade Wall |
| 7:32 | Build | House |
| 7:53 | Create | Villager (Male) |
| 7:54 | Create | Villager (Male) |
| 8:15 | Build | House |
| 8:27 | Build | Mill |
| 8:42 | Create | Villager (Male) |
| 8:50 | Build | Palisade Wall |
| 8:52 | Build | Palisade Wall |
| 9:10 | Research | Loom |
| 9:41 | Create | Villager (Male) |
| 9:41 | Create | Villager (Male) |
| 10:02 | Research | Feudal Age |
| 10:15 | Build | Mining Camp |
| 11:09 | Create | Villager (Male) |
| 11:09 | Create | Villager (Male) |
| 12:52 | Age | Feudal Age |
| 12:59 | Build | Market |
| 13:14 | Research | Horse Collar |
| 13:20 | Build | Blacksmith |
| 13:26 | Create | Villager (Male) |
| 13:53 | Build | Palisade Wall |
| 14:02 | Research | Castle Age |
| 14:23 | Build | House |
| 14:24 | Build | House |
| 14:28 | Build | Palisade Wall |
| 15:10 | Build | House |
| 15:11 | Build | Palisade Wall |
| 15:43 | Build | Palisade Gate |
| 16:08 | Build | Mill |
| 16:10 | Build | Barracks |
| 16:21 | Build | Palisade Wall |
| 16:22 | Build | Palisade Wall |
| 16:23 | Build | Palisade Wall |
| 16:24 | Build | Palisade Wall |
| 16:47 | Age | Castle Age |
| 16:51 | Create | Spearman |
| 17:00 | Create | Spearman |
| 17:05 | Create | Villager (Male) |
| 17:06 | Create | Villager (Male) |
| 17:06 | Create | Villager (Male) |
| 17:10 | Research | Double-Bit Axe |
| 17:34 | Create | Spearman |
| 17:58 | Build | Palisade Gate |
| 18:05 | Build | Palisade Gate |
| 18:12 | Build | Palisade Gate |
| 18:29 | Create | Villager (Male) |
| 18:29 | Create | Villager (Male) |
| 18:29 | Create | Villager (Male) |
| 18:38 | Create | Villager (Male) |
| 18:38 | Create | Villager (Male) |
| 18:50 | Build | Town Center |
| 18:52 | Build | Town Center |
| 18:59 | Build | House |
| 19:00 | Build | House |
| 19:00 | Build | House |
| 19:23 | Create | Villager (Male) |
| 19:24 | Create | Villager (Male) |
| 19:39 | Build | Palisade Wall |
| 19:41 | Build | Palisade Wall |
| 19:44 | Build | House |
| 19:54 | Create | Villager (Male) |
| 19:55 | Create | Villager (Male) |
| 19:56 | Create | Villager (Male) |
| 19:56 | Create | Villager (Male) |
| 20:07 | Build | Palisade Wall |
| 20:21 | Create | Villager (Male) |
| 20:23 | Build | Stable |
| 20:41 | Build | Palisade Wall |
| 20:46 | Create | Villager (Male) |
| 21:17 | Build | Town Center |
| 21:22 | Create | Camel Scout |
| 21:23 | Create | Camel Scout |
| 21:30 | Build | House |
| 21:32 | Build | House |
| 21:34 | Create | Villager (Male) |
| 21:34 | Create | Villager (Male) |
| 21:38 | Build | Farm |
| 22:04 | Create | Villager (Male) ×2 |
| 22:29 | Build | House |
| 22:38 | Create | Villager (Male) |
| 22:43 | Create | Trade Cart ×2 |
| 22:43 | Create | Trade Cart ×2 |
| 22:43 | Create | Villager (Male) ×2 |
| 22:44 | Create | Villager (Male) ×2 |
| 23:18 | Build | House |
| 23:26 | Build | Farm |
| 23:26 | Build | Farm |
| 23:27 | Build | Farm |
| 23:27 | Build | Farm |
| 23:30 | Create | Camel Scout ×2 |
| 23:30 | Create | Camel Scout ×2 |
| 23:43 | Create | Villager (Male) |
| 24:03 | Build | Farm |
| 24:05 | Build | Farm |
| 24:08 | Create | Villager (Male) |
| 24:09 | Build | Farm |
| 24:17 | Build | Farm |
| 24:17 | Build | Farm |
| 24:18 | Build | Farm |
| 24:18 | Build | Farm |
| 24:18 | Build | Farm |
| 24:19 | Build | Farm |
| 24:19 | Build | Farm |
| 24:30 | Build | House |
| 24:37 | Create | Villager (Male) |
| 24:37 | Create | Villager (Male) |
| 24:39 | Create | Villager (Male) |
| 24:39 | Create | Villager (Male) |
| 24:39 | Create | Villager (Male) |
| 24:39 | Create | Villager (Male) |
| 24:40 | Create | Villager (Male) |
| 24:58 | Build | Farm |
| 25:01 | Build | Farm |
| 25:04 | Build | Farm |
| 25:05 | Create | Villager (Male) |
| 25:19 | Create | Villager (Male) |
| 25:19 | Create | Villager (Male) |
| 25:44 | Create | Villager (Male) |
| 25:44 | Create | Villager (Male) |
| 25:44 | Create | Villager (Male) |
| 25:51 | Create | Villager (Male) |
| 25:51 | Create | Villager (Male) |
| 26:03 | Build | House |
Build order — FeelMySpike
First 150 of 430 actions detected
| 0:22 | Build | House |
| 0:39 | Build | Town Center |
| 1:20 | Build | Palisade Wall |
| 1:21 | Build | Palisade Wall |
| 1:25 | Build | Palisade Wall |
| 1:30 | Build | Palisade Wall |
| 1:34 | Build | Palisade Wall |
| 2:53 | Create | Villager (Male) |
| 2:54 | Create | Villager (Male) |
| 2:54 | Create | Villager (Male) |
| 2:55 | Create | Villager (Male) |
| 3:47 | Create | Villager (Male) |
| 4:07 | Build | House |
| 4:19 | Build | House |
| 4:31 | Build | House |
| 4:37 | Build | House |
| 4:44 | Create | Villager (Male) |
| 4:50 | Build | House |
| 4:54 | Create | Villager (Male) |
| 5:03 | Build | House |
| 5:32 | Build | Lumber Camp |
| 5:47 | Create | Villager (Male) |
| 5:50 | Create | Villager (Male) |
| 5:58 | Create | Villager (Male) |
| 6:42 | Build | House |
| 6:48 | Build | House |
| 6:59 | Create | Villager (Male) |
| 6:59 | Create | Villager (Male) |
| 7:15 | Create | Villager (Male) |
| 7:32 | Build | Palisade Wall |
| 7:56 | Create | Villager (Male) |
| 8:16 | Create | Villager (Male) |
| 8:28 | Build | Mill |
| 8:38 | Create | Villager (Male) |
| 8:39 | Research | Loom |
| 9:24 | Research | Feudal Age |
| 9:44 | Build | Palisade Wall |
| 9:54 | Build | House |
| 10:18 | Build | Palisade Wall |
| 10:37 | Build | Barracks |
| 11:07 | Create | Villager (Male) |
| 11:44 | Age | Feudal Age |
| 11:45 | Build | Stable |
| 11:51 | Research | Double-Bit Axe |
| 11:54 | Create | Villager (Male) |
| 12:01 | Create | Spearman |
| 12:22 | Build | House |
| 12:31 | Create | Scout Cavalry |
| 12:31 | Create | Scout Cavalry |
| 12:33 | Create | Villager (Male) |
| 12:46 | Build | Palisade Wall |
| 12:48 | Create | Villager (Male) |
| 13:07 | Create | Scout Cavalry |
| 13:23 | Build | Blacksmith |
| 13:29 | Create | Scout Cavalry |
| 13:30 | Create | Villager (Male) |
| 13:35 | Build | Farm |
| 13:37 | Build | Farm |
| 13:49 | Create | Scout Cavalry |
| 13:53 | Create | Villager (Male) |
| 13:58 | Build | House |
| 14:08 | Create | Villager (Male) |
| 14:24 | Create | Villager (Male) |
| 14:36 | Create | Scout Cavalry |
| 15:01 | Create | Villager (Male) |
| 15:04 | Build | Farm |
| 15:05 | Build | Farm |
| 15:06 | Build | Farm |
| 15:20 | Create | Villager (Male) |
| 15:26 | Create | Scout Cavalry |
| 15:29 | Create | Villager (Male) |
| 15:30 | Build | Palisade Wall |
| 15:56 | Create | Villager (Male) |
| 16:10 | Create | Scout Cavalry |
| 16:14 | Build | House |
| 16:15 | Build | House |
| 16:40 | Research | Wheelbarrow |
| 16:48 | Build | Market |
| 17:13 | Build | Mill |
| 17:34 | Create | Villager (Male) |
| 17:36 | Build | Mining Camp |
| 18:22 | Create | Villager (Male) |
| 18:51 | Create | Villager (Male) |
| 19:12 | Research | Castle Age |
| 19:17 | Build | Stable |
| 19:41 | Build | House |
| 19:50 | Research | Horse Collar |
| 20:26 | Research | Bloodlines |
| 20:42 | Build | Farm |
| 20:42 | Build | Farm |
| 20:43 | Build | Farm |
| 20:43 | Build | Farm |
| 20:43 | Build | Farm |
| 20:47 | Research | Gold Mining |
| 20:48 | Research | Scale Barding Armor |
| 20:51 | Build | House |
| 21:48 | Create | Villager (Male) |
| 21:56 | Age | Castle Age |
| 22:05 | Research | Chain Barding Armor |
| 22:09 | Create | Knight |
| 22:10 | Create | Knight |
| 22:13 | Create | Villager (Male) |
| 22:21 | Create | Knight |
| 22:28 | Create | Villager (Male) |
| 22:32 | Create | Knight |
| 22:48 | Create | Knight |
| 22:58 | Build | Farm |
| 23:02 | Build | Monastery |
| 23:05 | Build | Town Center |
| 23:05 | Create | Villager (Male) |
| 23:15 | Build | Town Center |
| 23:22 | Create | Villager (Male) |
| 23:42 | Create | Villager (Male) |
| 23:43 | Create | Knight |
| 23:52 | Build | Farm |
| 23:52 | Build | Farm |
| 23:52 | Build | Farm |
| 23:52 | Build | Farm |
| 23:53 | Build | Farm |
| 23:53 | Build | Farm |
| 23:53 | Build | Farm |
| 23:54 | Build | Farm |
| 23:58 | Create | Villager (Male) |
| 24:14 | Create | Knight |
| 24:15 | Create | Knight |
| 24:29 | Create | Scout Cavalry |
| 24:49 | Create | Knight |
| 24:54 | Build | Farm |
| 24:54 | Build | Farm |
| 24:54 | Build | Farm |
| 24:54 | Build | Farm |
| 24:56 | Create | Villager (Male) |
| 25:08 | Create | Knight |
| 25:16 | Create | Villager (Male) |
| 25:28 | Build | House |
| 25:29 | Build | House |
| 25:30 | Build | House |
| 25:32 | Create | Knight |
| 25:42 | Create | Villager (Male) |
| 25:49 | Create | Knight |
| 25:57 | Create | Monk |
| 26:02 | Create | Villager (Male) |
| 26:09 | Build | Palisade Gate |
| 26:20 | Create | Villager (Male) |
| 26:40 | Create | Villager (Male) |
| 26:40 | Create | Villager (Male) |
| 26:57 | Create | Knight |
| 26:57 | Create | Knight |
| 27:11 | Create | Knight |
| 27:12 | Create | Knight |
Build order — Maverick_Taha
First 150 of 457 actions detected
| 0:37 | Build | Town Center |
| 1:51 | Build | House |
| 2:41 | Create | Villager (Male) |
| 2:41 | Create | Villager (Male) |
| 2:51 | Create | Villager (Male) |
| 2:51 | Create | Villager (Male) |
| 3:18 | Build | House |
| 3:57 | Create | Villager (Male) |
| 3:57 | Create | Villager (Male) |
| 4:12 | Create | Villager (Male) |
| 4:12 | Create | Villager (Male) |
| 4:47 | Create | Villager (Male) |
| 4:47 | Create | Villager (Male) |
| 5:05 | Create | Villager (Male) |
| 5:05 | Create | Villager (Male) |
| 5:27 | Build | Lumber Camp |
| 5:47 | Create | Villager (Male) |
| 5:47 | Create | Villager (Male) |
| 6:05 | Create | Villager (Male) |
| 6:30 | Build | House |
| 6:33 | Create | Villager (Male) |
| 6:33 | Create | Villager (Male) |
| 7:34 | Create | Villager (Male) |
| 8:18 | Build | Mill |
| 8:29 | Build | House |
| 8:33 | Create | Villager (Male) |
| 9:06 | Create | Villager (Male) |
| 9:47 | Research | Feudal Age |
| 10:10 | Build | House |
| 10:59 | Build | Barracks |
| 11:57 | Age | Feudal Age |
| 12:02 | Build | Stable |
| 12:08 | Research | Double-Bit Axe |
| 12:08 | Research | Double-Bit Axe |
| 12:12 | Create | Villager (Male) |
| 12:12 | Create | Villager (Male) |
| 12:18 | Research | Loom |
| 12:43 | Create | Villager (Male) |
| 12:45 | Create | Scout Cavalry |
| 12:45 | Create | Scout Cavalry |
| 12:45 | Create | Scout Cavalry |
| 12:45 | Create | Scout Cavalry |
| 12:50 | Build | House |
| 13:07 | Create | Villager (Male) |
| 13:10 | Build | Blacksmith |
| 13:28 | Create | Villager (Male) |
| 13:43 | Build | House |
| 13:44 | Build | House |
| 13:49 | Create | Scout Cavalry |
| 13:54 | Research | Forging |
| 14:18 | Create | Villager (Male) |
| 14:38 | Create | Villager (Male) |
| 14:38 | Create | Villager (Male) |
| 14:48 | Create | Scout Cavalry |
| 14:50 | Create | Villager (Male) |
| 15:19 | Build | Farm |
| 15:19 | Build | Farm |
| 15:19 | Build | Farm |
| 15:19 | Build | Farm |
| 15:20 | Build | Farm |
| 15:20 | Build | Farm |
| 15:20 | Build | Farm |
| 15:20 | Build | Farm |
| 15:35 | Research | Scale Barding Armor |
| 15:37 | Create | Villager (Male) |
| 15:44 | Create | Villager (Male) |
| 15:58 | Research | Horse Collar |
| 16:24 | Create | Villager (Male) |
| 16:26 | Create | Scout Cavalry |
| 16:34 | Create | Villager (Male) |
| 16:45 | Create | Villager (Male) |
| 16:48 | Create | Villager (Male) |
| 16:48 | Create | Villager (Male) |
| 16:52 | Create | Villager (Male) |
| 17:04 | Build | Mining Camp |
| 17:28 | Create | Villager (Male) |
| 17:46 | Build | Market |
| 17:47 | Build | House |
| 17:58 | Build | Farm |
| 17:59 | Build | Farm |
| 18:00 | Build | Farm |
| 18:01 | Build | Farm |
| 19:21 | Research | Castle Age |
| 19:21 | Research | Castle Age |
| 20:12 | Research | Bloodlines |
| 20:12 | Research | Bloodlines |
| 20:26 | Build | House |
| 20:31 | Build | Farm |
| 20:33 | Build | Farm |
| 20:35 | Build | Stable |
| 20:39 | Create | Scout Cavalry |
| 21:09 | Create | Scout Cavalry |
| 21:10 | Create | Scout Cavalry |
| 21:10 | Create | Scout Cavalry |
| 21:24 | Create | Scout Cavalry |
| 21:29 | Build | Farm |
| 21:32 | Build | Farm |
| 21:38 | Build | Farm |
| 21:57 | Create | Scout Cavalry |
| 22:01 | Age | Castle Age |
| 22:13 | Research | Husbandry |
| 22:14 | Create | Villager (Male) |
| 22:41 | Create | Villager (Male) |
| 22:57 | Research | Chain Barding Armor |
| 22:57 | Research | Chain Barding Armor |
| 23:00 | Create | Villager (Male) |
| 23:10 | Build | Town Center |
| 23:17 | Create | Villager (Male) |
| 23:45 | Create | Villager (Male) |
| 23:47 | Create | Scout Cavalry |
| 23:48 | Create | Scout Cavalry |
| 23:48 | Create | Scout Cavalry |
| 23:57 | Create | Villager (Male) |
| 24:04 | Build | Town Center |
| 24:08 | Create | Villager (Male) |
| 24:17 | Create | Villager (Male) |
| 24:23 | Create | Villager (Male) |
| 24:40 | Create | Villager (Male) |
| 24:40 | Create | Villager (Male) |
| 25:05 | Create | Villager (Male) |
| 25:05 | Create | Villager (Male) |
| 25:13 | Create | Scout Cavalry |
| 25:18 | Research | Wheelbarrow |
| 25:19 | Create | Scout Cavalry |
| 25:21 | Create | Villager (Male) |
| 25:23 | Build | House |
| 25:24 | Build | House |
| 25:24 | Build | House |
| 25:25 | Build | House |
| 25:25 | Build | House |
| 25:36 | Create | Villager (Male) |
| 25:38 | Create | Villager (Male) |
| 25:46 | Build | Town Center |
| 26:02 | Create | Villager (Male) |
| 26:02 | Create | Villager (Male) |
| 26:09 | Create | Scout Cavalry |
| 26:09 | Create | Scout Cavalry |
| 26:23 | Create | Villager (Male) |
| 26:23 | Create | Villager (Male) |
| 26:30 | Create | Villager (Male) |
| 26:30 | Create | Villager (Male) |
| 26:40 | Create | Villager (Male) |
| 26:40 | Create | Villager (Male) |
| 26:40 | Create | Villager (Male) |
| 26:50 | Create | Villager (Male) |
| 27:00 | Create | Villager (Male) |
| 27:01 | Build | Farm |
| 27:02 | Create | Villager (Male) |
| 27:03 | Create | Villager (Male) |
| 27:09 | Create | Villager (Male) |
Build order — KappaNub
First 150 of 219 actions detected
| 0:06 | Build | Town Center |
| 0:12 | Build | House |
| 2:25 | Create | Villager (Male) |
| 2:25 | Create | Villager (Male) |
| 2:26 | Create | Villager (Male) |
| 2:26 | Create | Villager (Male) |
| 3:21 | Research | Loom |
| 3:21 | Create | Villager (Male) |
| 3:21 | Create | Villager (Male) |
| 3:28 | Create | Villager (Male) |
| 3:54 | Build | House |
| 4:02 | Build | House |
| 4:28 | Build | House |
| 4:43 | Build | House |
| 5:04 | Build | House |
| 5:11 | Create | Villager (Male) |
| 5:17 | Create | Villager (Male) |
| 5:42 | Create | Villager (Male) |
| 5:55 | Build | Settlement |
| 5:56 | Create | Villager (Male) |
| 6:28 | Create | Villager (Male) |
| 7:05 | Create | Villager (Male) |
| 7:31 | Create | Villager (Male) |
| 7:44 | Build | Settlement |
| 7:50 | Create | Villager (Male) |
| 8:25 | Create | Villager (Male) |
| 8:37 | Create | Villager (Male) |
| 8:56 | Create | Villager (Male) |
| 9:41 | Create | Villager (Male) |
| 10:10 | Create | Villager (Male) |
| 10:26 | Create | Villager (Male) |
| 10:39 | Build | Palisade Wall |
| 10:41 | Build | Palisade Wall |
| 10:45 | Build | Palisade Wall |
| 10:53 | Research | Feudal Age |
| 11:01 | Build | Palisade Wall |
| 11:03 | Build | Palisade Wall |
| 11:28 | Build | Settlement |
| 11:30 | Build | House |
| 12:50 | Create | Villager (Male) |
| 12:51 | Create | Villager (Male) |
| 13:11 | Age | Feudal Age |
| 13:14 | Build | Market |
| 13:31 | Build | Palisade Wall |
| 13:34 | Build | Palisade Wall |
| 13:37 | Build | Palisade Wall |
| 13:51 | Build | Blacksmith |
| 13:56 | Build | Palisade Wall |
| 14:00 | Build | Palisade Wall |
| 14:05 | Build | Palisade Wall |
| 14:19 | Build | Palisade Wall |
| 14:55 | Research | Castle Age |
| 15:22 | Build | Watch Tower |
| 16:11 | Research | Double-Bit Axe |
| 16:54 | Build | Palisade Wall |
| 17:35 | Age | Castle Age |
| 17:43 | Build | Castle |
| 17:46 | Create | Villager (Male) |
| 18:12 | Build | Castle |
| 18:50 | Build | Settlement |
| 19:14 | Create | Unit 2579 |
| 19:15 | Create | Unit 2579 |
| 19:15 | Create | Unit 2579 |
| 19:45 | Create | Unit 2579 |
| 19:58 | Research | Fletching |
| 19:59 | Create | Unit 2579 |
| 19:59 | Create | Unit 2579 |
| 20:33 | Create | Unit 2579 |
| 20:33 | Create | Unit 2579 |
| 20:44 | Create | Unit 2579 |
| 20:59 | Create | Unit 2579 |
| 20:59 | Create | Unit 2579 |
| 21:06 | Create | Villager (Male) |
| 21:35 | Create | Unit 2579 |
| 21:35 | Create | Unit 2579 |
| 21:35 | Create | Unit 2579 |
| 21:44 | Create | Villager (Male) |
| 21:47 | Create | Unit 2579 |
| 21:55 | Create | Villager (Male) |
| 21:56 | Create | Unit 2579 |
| 22:16 | Create | Unit 2579 |
| 22:16 | Create | Unit 2579 |
| 22:34 | Create | Unit 2579 |
| 23:01 | Create | Unit 2579 |
| 23:01 | Create | Unit 2579 |
| 23:01 | Create | Unit 2579 |
| 24:14 | Create | Unit 2579 |
| 24:14 | Create | Unit 2579 |
| 24:27 | Create | Unit 2579 |
| 24:28 | Create | Unit 2579 |
| 24:44 | Create | Unit 2579 |
| 24:45 | Create | Unit 2579 |
| 24:55 | Create | Unit 2579 |
| 24:55 | Create | Unit 2579 |
| 25:04 | Create | Unit 2579 |
| 25:09 | Create | Villager (Male) |
| 25:21 | Create | Unit 2579 |
| 25:37 | Create | Villager (Male) |
| 25:37 | Create | Villager (Male) |
| 26:04 | Create | Villager (Male) |
| 26:40 | Create | Villager (Male) |
| 26:43 | Create | Unit 2579 |
| 26:43 | Create | Unit 2579 |
| 26:44 | Create | Villager (Male) |
| 26:55 | Create | Unit 2579 |
| 29:11 | Research | Bodkin Arrow |
| 29:26 | Build | Castle |
| 30:05 | Build | Settlement |
| 30:13 | Build | Settlement |
| 30:24 | Build | Palisade Wall |
| 30:28 | Create | Villager (Male) |
| 31:19 | Create | Unit 2579 |
| 31:20 | Create | Unit 2579 |
| 31:20 | Create | Unit 2579 |
| 31:43 | Create | Unit 2579 |
| 32:11 | Create | Villager (Male) |
| 32:18 | Create | Unit 2579 |
| 32:19 | Create | Villager (Male) |
| 32:25 | Create | Unit 2579 |
| 32:25 | Create | Unit 2579 |
| 32:26 | Create | Unit 2579 |
| 32:28 | Create | Villager (Male) |
| 32:41 | Create | Unit 2579 |
| 32:42 | Create | Unit 2579 |
| 32:42 | Create | Unit 2579 |
| 32:52 | Research | Town Watch |
| 33:08 | Create | Villager (Male) |
| 33:09 | Create | Unit 2579 |
| 33:09 | Create | Unit 2579 |
| 33:09 | Create | Unit 2579 |
| 33:20 | Create | Villager (Male) |
| 34:09 | Create | Villager (Male) |
| 34:13 | Build | Siege Workshop |
| 34:14 | Create | Villager (Male) |
| 34:41 | Create | Villager (Male) |
| 34:48 | Build | Town Center |
| 34:58 | Research | Padded Archer Armor |
| 34:59 | Research | Padded Archer Armor |
| 35:06 | Research | Bow Saw |
| 35:07 | Research | Bow Saw |
| 35:09 | Create | Unit 2579 |
| 35:18 | Create | Villager (Male) |
| 35:25 | Create | Villager (Male) |
| 35:40 | Create | Unit 2579 |
| 35:40 | Create | Unit 2579 |
| 35:56 | Create | Villager (Male) |
| 36:23 | Create | Villager (Male) |
| 36:27 | Build | Siege Workshop |
| 36:30 | Create | Unit 2579 |
| 36:44 | Create | Unit 2579 |
Build order — alican43
First 150 of 193 actions detected
| 1:10 | Build | Town Center |
| 2:33 | Build | House |
| 2:35 | Build | House |
| 2:57 | Create | Villager (Male) |
| 2:58 | Create | Villager (Male) |
| 2:58 | Create | Villager (Male) |
| 2:58 | Create | Villager (Male) |
| 4:27 | Build | Lumber Camp |
| 4:33 | Create | Villager (Male) |
| 4:33 | Create | Villager (Male) |
| 4:34 | Create | Villager (Male) |
| 4:40 | Build | House |
| 5:18 | Create | Villager (Male) |
| 5:18 | Create | Villager (Male) |
| 5:19 | Create | Villager (Male) |
| 6:01 | Create | Villager (Male) |
| 6:01 | Create | Villager (Male) |
| 6:31 | Build | House |
| 6:37 | Create | Villager (Male) |
| 6:38 | Create | Villager (Male) |
| 6:38 | Create | Villager (Male) |
| 7:07 | Create | Villager (Male) |
| 7:23 | Research | Loom |
| 7:38 | Create | Villager (Male) |
| 7:39 | Create | Villager (Male) |
| 8:43 | Build | Town Center |
| 9:52 | Create | Villager (Male) |
| 9:52 | Create | Villager (Male) |
| 9:52 | Create | Villager (Male) |
| 10:11 | Create | Villager (Male) |
| 10:11 | Create | Villager (Male) |
| 16:27 | Build | Town Center |
| 20:15 | Create | Villager (Male) |
| 20:16 | Create | Villager (Male) |
| 20:16 | Create | Villager (Male) |
| 20:46 | Build | House |
| 21:42 | Create | Villager (Male) |
| 21:42 | Create | Villager (Male) |
| 25:16 | Build | Lumber Camp |
| 26:39 | Build | Mining Camp |
| 28:39 | Build | Town Center |
| 29:16 | Build | Farm |
| 29:17 | Build | Farm |
| 29:18 | Build | Farm |
| 29:19 | Build | Farm |
| 29:20 | Build | Farm |
| 29:22 | Build | Farm |
| 29:30 | Build | Farm |
| 29:42 | Create | Villager (Male) |
| 29:46 | Build | House |
| 29:47 | Build | House |
| 30:05 | Create | Villager (Male) |
| 30:16 | Create | Villager (Male) |
| 30:45 | Create | Villager (Male) |
| 30:45 | Create | Villager (Male) |
| 31:02 | Create | Villager (Male) |
| 32:10 | Build | Mill |
| 32:16 | Research | Feudal Age |
| 32:55 | Create | Villager (Male) |
| 32:55 | Create | Villager (Male) |
| 33:29 | Create | Villager (Male) |
| 34:20 | Create | Villager (Male) |
| 34:26 | Age | Feudal Age |
| 35:08 | Research | Castle Age |
| 35:14 | Research | Double-Bit Axe |
| 35:57 | Create | Villager (Male) |
| 36:20 | Create | Villager (Male) |
| 36:21 | Create | Villager (Male) |
| 37:05 | Build | House |
| 37:12 | Build | House |
| 37:56 | Age | Castle Age |
| 38:11 | Create | Villager (Male) |
| 38:11 | Create | Villager (Male) |
| 38:40 | Build | Town Center |
| 38:50 | Create | Villager (Male) |
| 38:59 | Create | Villager (Male) |
| 39:27 | Create | Villager (Male) |
| 39:35 | Create | Villager (Male) |
| 39:43 | Build | Market |
| 40:04 | Create | Villager (Male) |
| 40:04 | Create | Villager (Male) |
| 40:05 | Create | Villager (Male) |
| 40:10 | Research | Bow Saw |
| 40:32 | Build | Town Center |
| 40:34 | Create | Villager (Male) |
| 40:34 | Create | Villager (Male) |
| 40:34 | Create | Villager (Male) |
| 40:38 | Build | Town Center |
| 40:42 | Create | Villager (Male) |
| 40:56 | Research | Horse Collar |
| 40:58 | Create | Villager (Male) |
| 40:58 | Create | Villager (Male) |
| 41:04 | Create | Villager (Male) |
| 41:04 | Create | Villager (Male) |
| 41:14 | Create | Villager (Male) |
| 41:23 | Create | Villager (Male) |
| 41:24 | Create | Villager (Male) |
| 41:29 | Research | Heavy Plow |
| 41:36 | Create | Villager (Male) |
| 41:37 | Create | Villager (Male) |
| 41:37 | Create | Villager (Male) |
| 41:58 | Build | Town Center |
| 42:00 | Create | Villager (Male) |
| 42:00 | Create | Villager (Male) |
| 42:01 | Create | Villager (Male) |
| 42:09 | Create | Villager (Male) |
| 42:09 | Create | Villager (Male) |
| 42:16 | Research | Wheelbarrow |
| 42:22 | Create | Villager (Male) |
| 42:22 | Create | Villager (Male) |
| 42:26 | Create | Villager (Male) |
| 42:26 | Create | Villager (Male) |
| 42:44 | Create | Villager (Male) |
| 42:44 | Create | Villager (Male) |
| 42:51 | Build | Farm |
| 42:53 | Build | Farm |
| 42:54 | Build | Farm |
| 42:54 | Build | Farm |
| 42:54 | Build | Farm |
| 42:54 | Build | Farm |
| 42:55 | Build | Farm |
| 42:55 | Build | Farm |
| 42:58 | Create | Villager (Male) |
| 42:59 | Create | Villager (Male) |
| 43:01 | Build | Farm |
| 43:04 | Create | Villager (Male) |
| 43:05 | Create | Villager (Male) |
| 43:05 | Create | Villager (Male) |
| 43:14 | Build | House |
| 43:15 | Build | House |
| 43:15 | Build | House |
| 43:17 | Create | Villager (Male) |
| 43:18 | Create | Villager (Male) |
| 43:29 | Create | Villager (Male) |
| 43:29 | Create | Villager (Male) |
| 43:29 | Create | Villager (Male) |
| 43:37 | Build | Farm |
| 43:40 | Create | Villager (Male) |
| 43:40 | Create | Villager (Male) |
| 43:43 | Build | House |
| 43:44 | Build | House |
| 43:49 | Create | Villager (Male) |
| 43:49 | Create | Villager (Male) |
| 43:57 | Create | Villager (Male) |
| 44:16 | Create | Villager (Male) |
| 44:21 | Build | House |
| 44:30 | Build | Farm |
| 44:31 | Build | Farm |
| 44:31 | Build | Farm |
| 44:31 | Build | Farm |
Build order — YuYa_AoE
First 150 of 370 actions detected
| 0:29 | Build | Town Center |
| 2:18 | Build | House |
| 2:38 | Create | Villager (Male) |
| 2:38 | Create | Villager (Male) |
| 2:38 | Create | Villager (Male) |
| 2:39 | Create | Villager (Male) |
| 2:39 | Create | Villager (Male) |
| 3:30 | Create | Villager (Male) |
| 4:13 | Create | Villager (Male) |
| 4:20 | Create | Villager (Male) |
| 4:38 | Create | Villager (Male) |
| 4:47 | Build | House |
| 4:54 | Create | Villager (Male) |
| 5:13 | Create | Villager (Male) |
| 5:24 | Build | Lumber Camp |
| 5:30 | Create | Villager (Male) |
| 6:04 | Create | Villager (Male) |
| 6:04 | Create | Villager (Male) |
| 6:33 | Build | House |
| 6:45 | Create | Villager (Male) |
| 7:05 | Create | Villager (Male) |
| 7:14 | Build | House |
| 7:21 | Build | House |
| 7:26 | Create | Villager (Male) |
| 7:27 | Create | Villager (Male) |
| 7:44 | Build | Mill |
| 7:47 | Create | Villager (Male) |
| 8:06 | Research | Loom |
| 9:44 | Research | Feudal Age |
| 10:12 | Build | House |
| 10:56 | Build | Mining Camp |
| 11:40 | Create | Villager (Male) |
| 11:48 | Build | Barracks |
| 11:54 | Age | Feudal Age |
| 11:56 | Create | Villager (Male) |
| 12:32 | Build | Palisade Wall |
| 12:34 | Build | Palisade Wall |
| 12:39 | Build | Palisade Wall |
| 12:41 | Build | Palisade Wall |
| 12:42 | Build | Palisade Wall |
| 12:45 | Build | Archery Range |
| 12:46 | Create | Villager (Male) |
| 12:46 | Create | Villager (Male) |
| 12:54 | Build | Palisade Wall |
| 13:03 | Create | Villager (Male) |
| 13:05 | Research | Double-Bit Axe |
| 13:07 | Research | Wheelbarrow |
| 13:17 | Build | House |
| 13:20 | Create | Villager (Male) |
| 13:29 | Create | Villager (Male) |
| 14:10 | Build | House |
| 14:12 | Build | Palisade Wall |
| 14:17 | Create | Archer |
| 14:29 | Build | Palisade Wall |
| 14:38 | Create | Archer |
| 14:41 | Create | Villager (Male) |
| 14:54 | Build | Palisade Wall |
| 14:55 | Build | Palisade Wall |
| 14:57 | Build | Palisade Wall |
| 14:59 | Create | Spearman |
| 15:17 | Create | Archer |
| 15:31 | Create | Archer |
| 15:38 | Build | Palisade Wall |
| 15:46 | Build | House |
| 15:56 | Create | Villager (Male) |
| 16:05 | Create | Villager (Male) |
| 16:17 | Build | Farm |
| 16:17 | Build | Farm |
| 16:17 | Build | Farm |
| 16:19 | Create | Spearman |
| 16:26 | Build | Palisade Wall |
| 16:26 | Build | Palisade Wall |
| 16:41 | Create | Villager (Male) |
| 16:41 | Create | Villager (Male) |
| 17:39 | Create | Archer |
| 17:54 | Build | Market |
| 18:01 | Create | Archer |
| 18:09 | Create | Militia |
| 18:11 | Create | Villager (Male) |
| 18:12 | Create | Villager (Male) |
| 18:23 | Build | Palisade Wall |
| 18:48 | Create | Villager (Male) |
| 18:48 | Create | Villager (Male) |
| 19:03 | Build | Farm |
| 19:06 | Create | Archer |
| 19:20 | Build | Farm |
| 19:21 | Create | Villager (Male) |
| 19:31 | Create | Archer |
| 19:45 | Build | House |
| 19:50 | Build | House |
| 20:07 | Create | Villager (Male) |
| 20:24 | Create | Spearman |
| 20:27 | Create | Villager (Male) |
| 20:40 | Create | Villager (Male) |
| 20:49 | Create | Spearman |
| 21:14 | Create | Villager (Male) |
| 21:17 | Create | Archer |
| 21:20 | Create | Villager (Male) |
| 21:40 | Create | Skirmisher |
| 21:58 | Create | Archer |
| 22:03 | Create | Villager (Male) |
| 22:10 | Create | Spearman |
| 22:12 | Build | House |
| 22:21 | Create | Archer |
| 22:37 | Create | Spearman |
| 22:42 | Create | Villager (Male) |
| 22:47 | Build | Farm |
| 22:48 | Build | Farm |
| 22:59 | Create | Villager (Male) |
| 23:00 | Build | Farm |
| 23:31 | Create | Spearman |
| 23:43 | Build | Farm |
| 23:44 | Build | Farm |
| 23:44 | Build | Farm |
| 23:46 | Build | House |
| 24:06 | Create | Villager (Male) |
| 24:06 | Create | Villager (Male) |
| 24:09 | Create | Villager (Male) |
| 24:13 | Build | Farm |
| 24:14 | Build | Farm |
| 24:14 | Build | Farm |
| 24:19 | Create | Spearman |
| 24:26 | Create | Villager (Male) |
| 24:29 | Build | Blacksmith |
| 24:33 | Build | Blacksmith |
| 24:36 | Build | Farm |
| 24:36 | Build | Farm |
| 24:49 | Create | Spearman |
| 24:50 | Create | Villager (Male) |
| 25:02 | Build | House |
| 25:08 | Create | Villager (Male) |
| 25:11 | Research | Town Watch |
| 25:15 | Build | Farm |
| 25:16 | Build | Farm |
| 25:16 | Build | Farm |
| 25:16 | Build | Farm |
| 25:16 | Build | Farm |
| 25:40 | Build | Farm |
| 25:40 | Build | Farm |
| 25:40 | Build | Farm |
| 25:40 | Build | Farm |
| 25:43 | Create | Spearman |
| 25:45 | Create | Villager (Male) |
| 26:07 | Create | Villager (Male) |
| 26:24 | Build | Palisade Wall |
| 26:44 | Build | House |
| 26:45 | Build | Palisade Wall |
| 26:56 | Research | Castle Age |
| 27:13 | Build | Palisade Wall |
| 27:18 | Research | Fletching |
Build order — BombacıMülayim
First 150 of 336 actions detected
| 0:38 | Build | Town Center |
| 2:51 | Build | House |
| 3:01 | Create | Villager (Male) |
| 3:01 | Create | Villager (Male) |
| 3:09 | Create | Villager (Male) |
| 3:16 | Create | Villager (Male) |
| 3:58 | Create | Villager (Male) |
| 3:58 | Create | Villager (Male) |
| 4:27 | Create | Villager (Male) |
| 4:27 | Create | Villager (Male) |
| 4:46 | Build | Lumber Camp |
| 4:58 | Build | House |
| 5:22 | Create | Villager (Male) |
| 5:38 | Create | Villager (Male) |
| 6:05 | Build | House |
| 6:09 | Create | Villager (Male) |
| 6:15 | Create | Villager (Male) |
| 6:18 | Build | House |
| 6:33 | Build | House |
| 6:42 | Create | Villager (Male) |
| 7:23 | Build | House |
| 7:24 | Create | Villager (Male) |
| 7:43 | Build | Palisade Wall |
| 7:45 | Build | Palisade Wall |
| 7:45 | Build | Palisade Wall |
| 7:47 | Create | Villager (Male) |
| 8:20 | Create | Villager (Male) |
| 8:30 | Build | Palisade Wall |
| 8:47 | Create | Villager (Male) |
| 9:02 | Create | Villager (Male) |
| 9:02 | Create | Villager (Male) |
| 9:02 | Create | Villager (Male) |
| 9:09 | Create | Villager (Male) |
| 9:09 | Create | Villager (Male) |
| 9:09 | Create | Villager (Male) |
| 9:10 | Create | Villager (Male) |
| 9:10 | Create | Villager (Male) |
| 10:44 | Research | Loom |
| 11:18 | Create | Villager (Male) |
| 11:28 | Create | Villager (Male) |
| 11:51 | Create | Villager (Male) |
| 12:15 | Create | Villager (Male) |
| 12:54 | Create | Villager (Male) |
| 13:10 | Create | Villager (Male) |
| 13:29 | Build | House |
| 14:09 | Create | Villager (Male) |
| 14:27 | Build | Palisade Wall |
| 14:27 | Build | Palisade Wall |
| 14:28 | Build | Palisade Wall |
| 14:28 | Build | Palisade Wall |
| 14:40 | Create | Villager (Male) |
| 14:56 | Create | Villager (Male) |
| 15:16 | Build | Palisade Wall |
| 15:17 | Build | Palisade Wall |
| 15:17 | Build | Palisade Wall |
| 15:18 | Build | Palisade Wall |
| 15:19 | Build | Palisade Wall |
| 15:24 | Create | Villager (Male) |
| 15:31 | Create | Villager (Male) |
| 15:54 | Create | Villager (Male) |
| 15:56 | Build | Barracks |
| 15:58 | Build | House |
| 16:04 | Build | House |
| 16:48 | Create | Villager (Male) |
| 17:04 | Research | Feudal Age |
| 17:41 | Build | Mill |
| 17:48 | Build | Mining Camp |
| 19:17 | Build | Farm |
| 19:23 | Age | Feudal Age |
| 19:24 | Create | Spearman |
| 19:24 | Create | Spearman |
| 19:25 | Create | Villager (Male) |
| 19:26 | Research | Double-Bit Axe |
| 19:34 | Build | Stable |
| 19:39 | Build | Palisade Wall |
| 19:40 | Build | Palisade Wall |
| 19:40 | Build | Palisade Wall |
| 19:41 | Build | Palisade Wall |
| 19:42 | Build | Palisade Wall |
| 19:42 | Build | Palisade Wall |
| 19:46 | Build | Palisade Wall |
| 19:47 | Build | Palisade Wall |
| 19:48 | Build | Palisade Wall |
| 19:48 | Build | Palisade Wall |
| 19:50 | Create | Spearman |
| 19:52 | Create | Villager (Male) |
| 19:53 | Build | Farm |
| 20:10 | Create | Villager (Male) |
| 20:18 | Build | Farm |
| 20:37 | Create | Villager (Male) |
| 21:11 | Create | Villager (Male) |
| 21:37 | Create | Villager (Male) |
| 21:48 | Create | Spearman |
| 21:50 | Build | Palisade Wall |
| 21:51 | Build | Blacksmith |
| 22:03 | Create | Spearman |
| 22:34 | Research | Castle Age |
| 22:51 | Build | Palisade Gate |
| 22:59 | Build | Farm |
| 23:12 | Create | Spearman |
| 23:40 | Build | House |
| 23:46 | Create | Spearman |
| 23:57 | Build | Farm |
| 23:59 | Build | Farm |
| 24:13 | Create | Spearman |
| 24:21 | Build | Farm |
| 24:31 | Build | Stone Wall |
| 24:33 | Build | Palisade Wall |
| 24:35 | Build | Palisade Wall |
| 24:42 | Build | Palisade Wall |
| 24:59 | Build | Palisade Wall |
| 25:00 | Build | Palisade Wall |
| 25:01 | Build | Palisade Wall |
| 25:14 | Age | Castle Age |
| 25:16 | Create | Villager (Male) |
| 25:17 | Create | Steppe Lancer |
| 25:17 | Create | Steppe Lancer |
| 25:23 | Build | Stable |
| 25:33 | Create | Villager (Male) |
| 25:43 | Build | Monastery |
| 25:53 | Create | Steppe Lancer |
| 26:07 | Create | Steppe Lancer |
| 26:07 | Create | Steppe Lancer |
| 26:09 | Create | Villager (Male) |
| 26:10 | Create | Villager (Male) |
| 26:20 | Create | Monk |
| 26:36 | Create | Steppe Lancer |
| 26:38 | Build | House |
| 26:53 | Build | House |
| 27:01 | Create | Monk |
| 27:11 | Create | Villager (Male) ×2 |
| 27:14 | Build | Town Center |
| 27:26 | Build | Mining Camp |
| 27:48 | Create | Steppe Lancer |
| 27:48 | Create | Steppe Lancer |
| 27:49 | Build | Farm |
| 27:50 | Build | Farm |
| 28:10 | Build | House |
| 28:13 | Build | Palisade Wall |
| 28:24 | Create | Steppe Lancer |
| 28:24 | Create | Steppe Lancer |
| 29:01 | Create | Steppe Lancer |
| 29:23 | Create | Villager (Male) ×2 |
| 29:27 | Build | Town Center |
| 29:32 | Build | Palisade Wall |
| 29:50 | Create | Villager (Male) |
| 29:55 | Build | Palisade Wall |
| 30:05 | Build | House |
| 30:20 | Create | Monk |
| 30:22 | Build | Town Center |
Build order — EJDER
First 150 of 187 actions detected
| 0:32 | Build | Town Center |
| 2:48 | Create | Villager (Male) |
| 2:49 | Create | Villager (Male) |
| 2:49 | Create | Villager (Male) |
| 2:49 | Create | Villager (Male) |
| 3:40 | Create | Villager (Male) |
| 3:40 | Create | Villager (Male) |
| 4:01 | Create | Villager (Male) |
| 4:27 | Create | Villager (Male) |
| 4:36 | Build | Lumber Camp |
| 4:59 | Create | Villager (Male) |
| 4:59 | Create | Villager (Male) |
| 6:10 | Create | Villager (Male) |
| 6:10 | Create | Villager (Male) |
| 6:11 | Create | Villager (Male) |
| 7:11 | Create | Villager (Male) |
| 7:16 | Create | Villager (Male) |
| 7:16 | Create | Villager (Male) |
| 7:26 | Create | Villager (Male) |
| 7:26 | Create | Villager (Male) |
| 7:28 | Build | Mill |
| 8:40 | Create | Villager (Male) |
| 8:43 | Build | Mill |
| 9:06 | Research | Loom |
| 9:51 | Research | Feudal Age |
| 9:51 | Research | Feudal Age |
| 10:47 | Build | Barracks |
| 12:05 | Age | Feudal Age |
| 12:08 | Build | Stable |
| 12:08 | Create | Villager (Male) |
| 12:12 | Research | Double-Bit Axe |
| 12:12 | Research | Double-Bit Axe |
| 12:15 | Create | Villager (Male) |
| 12:32 | Create | Villager (Male) |
| 12:47 | Create | Scout Cavalry |
| 12:47 | Create | Scout Cavalry |
| 13:01 | Build | Mining Camp |
| 13:15 | Create | Scout Cavalry |
| 13:15 | Create | Villager (Male) |
| 13:37 | Create | Villager (Male) |
| 13:43 | Build | Blacksmith |
| 14:06 | Create | Villager (Male) |
| 14:24 | Create | Villager (Male) |
| 14:49 | Build | Watch Tower |
| 14:50 | Create | Villager (Male) |
| 15:04 | Create | Scout Cavalry |
| 15:22 | Create | Villager (Male) |
| 15:49 | Create | Villager (Male) |
| 15:49 | Create | Villager (Male) |
| 16:00 | Create | Villager (Male) |
| 16:24 | Create | Villager (Male) |
| 16:30 | Create | Villager (Male) |
| 16:37 | Create | Villager (Male) |
| 16:37 | Create | Villager (Male) |
| 16:45 | Create | Villager (Male) |
| 17:01 | Build | Watch Tower |
| 17:05 | Create | Villager (Male) |
| 17:22 | Build | Market |
| 18:42 | Create | Villager (Male) |
| 19:02 | Build | Watch Tower |
| 19:12 | Build | Farm |
| 19:12 | Build | Farm |
| 19:12 | Build | Farm |
| 19:22 | Research | Castle Age |
| 19:31 | Research | Horse Collar |
| 19:31 | Research | Horse Collar |
| 19:35 | Build | Archery Range |
| 20:50 | Research | Scale Barding Armor |
| 20:51 | Create | Scout Cavalry |
| 20:51 | Create | Scout Cavalry |
| 21:15 | Create | Villager (Male) |
| 22:02 | Age | Castle Age |
| 22:03 | Build | Siege Workshop |
| 22:15 | Create | Villager (Male) |
| 22:25 | Create | Mangonel |
| 22:37 | Build | Palisade Wall |
| 22:40 | Build | Palisade Wall |
| 22:42 | Build | Palisade Gate |
| 22:44 | Build | Palisade Wall |
| 22:54 | Create | Villager (Male) |
| 24:17 | Create | Villager (Male) |
| 24:17 | Create | Villager (Male) |
| 24:29 | Create | Villager (Male) |
| 24:29 | Create | Villager (Male) |
| 24:40 | Create | Scorpion |
| 24:47 | Create | Villager (Male) |
| 24:47 | Create | Villager (Male) |
| 24:51 | Create | Scorpion |
| 25:18 | Create | Villager (Male) |
| 25:30 | Build | Town Center |
| 26:05 | Build | Farm |
| 26:06 | Create | Villager (Male) |
| 26:06 | Create | Villager (Male) |
| 26:49 | Build | Monastery |
| 28:07 | Create | Villager (Male) |
| 28:07 | Create | Villager (Male) |
| 28:21 | Build | Farm |
| 28:34 | Create | Villager (Male) |
| 28:34 | Create | Villager (Male) |
| 28:48 | Create | Villager (Male) |
| 28:49 | Create | Villager (Male) |
| 28:53 | Build | Farm |
| 28:54 | Build | Farm |
| 28:56 | Build | Farm |
| 28:57 | Build | Farm |
| 29:06 | Create | Villager (Male) |
| 29:07 | Create | Villager (Male) |
| 29:36 | Create | Villager (Male) |
| 29:54 | Build | Farm |
| 30:33 | Build | Castle |
| 30:36 | Create | Villager (Male) |
| 30:55 | Create | Scorpion |
| 30:59 | Create | Monk |
| 32:24 | Build | Town Center |
| 34:23 | Create | Villager (Male) |
| 34:53 | Create | Villager (Male) |
| 34:53 | Create | Villager (Male) |
| 35:21 | Create | Villager (Male) |
| 35:21 | Create | Villager (Male) |
| 35:28 | Create | Villager (Male) |
| 35:49 | Build | Farm |
| 35:54 | Create | Mangonel |
| 35:59 | Create | Villager (Male) |
| 36:14 | Create | Villager (Male) |
| 36:14 | Create | Villager (Male) |
| 36:19 | Create | Villager (Male) |
| 36:19 | Create | Villager (Male) |
| 36:37 | Create | Villager (Male) |
| 37:15 | Create | Villager (Male) |
| 37:15 | Create | Villager (Male) |
| 37:29 | Create | Villager (Male) |
| 37:29 | Create | Villager (Male) |
| 37:52 | Create | Villager (Male) |
| 37:52 | Create | Villager (Male) |
| 38:17 | Create | Villager (Male) |
| 38:38 | Create | Villager (Male) |
| 38:45 | Build | Farm |
| 38:46 | Build | Farm |
| 38:47 | Build | Farm |
| 39:05 | Create | Villager (Male) |
| 39:05 | Create | Villager (Male) |
| 39:13 | Create | Villager (Male) |
| 39:22 | Build | Town Center |
| 39:26 | Create | Villager (Male) |
| 39:26 | Create | Villager (Male) |
| 39:36 | Build | Farm |
| 39:46 | Create | Villager (Male) |
| 39:51 | Research | Bow Saw |
| 39:51 | Research | Bow Saw |
| 40:11 | Create | Villager (Male) |
Match timeline
| 1:20 | FeelMySpike · wall_segment Palisade Wall x1 |
| 1:21 | FeelMySpike · wall_segment Palisade Wall x1 |
| 1:25 | FeelMySpike · wall_segment Palisade Wall x1 |
| 1:30 | FeelMySpike · wall_segment Palisade Wall x1 |
| 1:34 | FeelMySpike · wall_segment Palisade Wall x1 |
| 4:26 | PolishedPoo · wall_segment Palisade Wall x1 |
| 4:31 | PolishedPoo · wall_segment Palisade Wall x1 |
| 4:39 | PolishedPoo · wall_segment Palisade Wall x1 |
| 4:46 | PolishedPoo · wall_segment Palisade Wall x1 |
| 7:22 | PolishedPoo · wall_segment Palisade Wall x1 |
| 7:28 | PolishedPoo · wall_segment Palisade Wall x1 |
| 7:32 | FeelMySpike · wall_segment Palisade Wall x6 |
| 7:43 | BombacıMülayim · wall_segment Palisade Wall x1 |
| 7:45 | BombacıMülayim · wall_segment Palisade Wall x1 |
| 7:45 | BombacıMülayim · wall_segment Palisade Wall x1 |
| 8:30 | BombacıMülayim · wall_segment Palisade Wall x1 |
| 8:50 | PolishedPoo · wall_segment Palisade Wall x3 |
| 8:52 | PolishedPoo · wall_segment Palisade Wall x1 |
| 9:44 | FeelMySpike · wall_segment Palisade Wall x1 |
| 10:18 | FeelMySpike · wall_segment Palisade Wall x1 |
| 10:37 | FeelMySpike · first_building Barracks |
| 10:39 | KappaNub · wall_segment Palisade Wall x6 |
| 10:41 | KappaNub · wall_segment Palisade Wall x5 |
| 10:45 | KappaNub · wall_segment Palisade Wall x1 |
| 10:47 | EJDER · first_building Barracks |
| 10:59 | Maverick_Taha · first_building Barracks |
| 11:01 | KappaNub · wall_segment Palisade Wall x5 |
| 11:03 | KappaNub · wall_segment Palisade Wall x5 |
| 11:44 | FeelMySpike · age_up feudal |
| 11:45 | FeelMySpike · first_building Stable |
| 11:48 | YuYa_AoE · first_building Barracks |
| 11:54 | YuYa_AoE · age_up feudal |
| 11:57 | Maverick_Taha · age_up feudal |
| 12:02 | Maverick_Taha · first_building Stable |
| 12:05 | EJDER · age_up feudal |
| 12:08 | EJDER · first_building Stable |
| 12:32 | YuYa_AoE · wall_segment Palisade Wall x1 |
| 12:34 | YuYa_AoE · wall_segment Palisade Wall x1 |
| 12:39 | YuYa_AoE · wall_segment Palisade Wall x1 |
| 12:41 | YuYa_AoE · wall_segment Palisade Wall x1 |
| 12:42 | YuYa_AoE · wall_segment Palisade Wall x1 |
| 12:45 | YuYa_AoE · first_building Archery Range |
| 12:46 | FeelMySpike · wall_segment Palisade Wall x16 |
| 12:52 | PolishedPoo · age_up feudal |
| 12:54 | YuYa_AoE · wall_segment Palisade Wall x1 |
| 13:11 | KappaNub · age_up feudal |
| 13:31 | KappaNub · wall_segment Palisade Wall x1 |
| 13:34 | KappaNub · wall_segment Palisade Wall x1 |
| 13:37 | KappaNub · wall_segment Palisade Wall x1 |
| 13:53 | PolishedPoo · wall_segment Palisade Wall x1 |
| 13:56 | KappaNub · wall_segment Palisade Wall x1 |
| 14:00 | KappaNub · wall_segment Palisade Wall x1 |
| 14:05 | KappaNub · wall_segment Palisade Wall x1 |
| 14:12 | YuYa_AoE · wall_segment Palisade Wall x1 |
| 14:19 | KappaNub · wall_segment Palisade Wall x1 |
| 14:27 | BombacıMülayim · wall_segment Palisade Wall x1 |
| 14:27 | BombacıMülayim · wall_segment Palisade Wall x1 |
| 14:28 | BombacıMülayim · wall_segment Palisade Wall x1 |
| 14:28 | PolishedPoo · wall_segment Palisade Wall x1 |
| 14:28 | BombacıMülayim · wall_segment Palisade Wall x1 |
| 14:29 | YuYa_AoE · wall_segment Palisade Wall x1 |
| 14:54 | YuYa_AoE · wall_segment Palisade Wall x1 |
| 14:55 | YuYa_AoE · wall_segment Palisade Wall x1 |
| 14:57 | YuYa_AoE · wall_segment Palisade Wall x1 |
| 15:11 | PolishedPoo · wall_segment Palisade Wall x1 |
| 15:16 | BombacıMülayim · wall_segment Palisade Wall x1 |
| 15:17 | BombacıMülayim · wall_segment Palisade Wall x1 |
| 15:17 | BombacıMülayim · wall_segment Palisade Wall x1 |
| 15:18 | BombacıMülayim · wall_segment Palisade Wall x1 |
| 15:19 | BombacıMülayim · wall_segment Palisade Wall x1 |
| 15:30 | FeelMySpike · wall_segment Palisade Wall x1 |
| 15:38 | YuYa_AoE · wall_segment Palisade Wall x6 |
| 15:56 | BombacıMülayim · first_building Barracks |
| 16:10 | PolishedPoo · first_building Barracks |
| 16:21 | PolishedPoo · wall_segment Palisade Wall x1 |
| 16:22 | PolishedPoo · wall_segment Palisade Wall x1 |
| 16:23 | PolishedPoo · wall_segment Palisade Wall x1 |
| 16:24 | PolishedPoo · wall_segment Palisade Wall x1 |
| 16:26 | YuYa_AoE · wall_segment Palisade Wall x6 |
| 16:26 | YuYa_AoE · wall_segment Palisade Wall x1 |
| 16:47 | PolishedPoo · age_up castle |
| 16:54 | KappaNub · wall_segment Palisade Wall x1 |
| 17:35 | KappaNub · age_up castle |
| 17:40 | KappaNub · first_market_sell 100 wood |
| 17:41 | KappaNub · first_market_buy 100 stone |
| 17:43 | KappaNub · first_building Castle |
| 18:23 | YuYa_AoE · wall_segment Palisade Wall x1 |
| 18:46 | YuYa_AoE · first_market_sell 100 wood |
| 18:47 | YuYa_AoE · first_market_buy 100 food |
| 19:05 | FeelMySpike · first_market_sell 100 wood |
| 19:17 | Maverick_Taha · first_market_sell 100 wood |
| 19:17 | EJDER · first_market_buy 100 food |
| 19:18 | Maverick_Taha · first_market_buy 100 food |
| 19:18 | EJDER · first_market_sell 100 wood |
| 19:23 | BombacıMülayim · age_up feudal |
| 19:34 | BombacıMülayim · first_building Stable |
| 19:35 | EJDER · first_building Archery Range |
| 19:39 | PolishedPoo · wall_segment Palisade Wall x1 |
| 19:39 | BombacıMülayim · wall_segment Palisade Wall x1 |
| 19:40 | BombacıMülayim · wall_segment Palisade Wall x1 |
| 19:40 | BombacıMülayim · wall_segment Palisade Wall x1 |
| 19:41 | PolishedPoo · wall_segment Palisade Wall x1 |
| 19:41 | BombacıMülayim · wall_segment Palisade Wall x1 |
| 19:42 | BombacıMülayim · wall_segment Palisade Wall x1 |
| 19:42 | BombacıMülayim · wall_segment Palisade Wall x1 |
| 19:46 | BombacıMülayim · wall_segment Palisade Wall x1 |
| 19:47 | BombacıMülayim · wall_segment Palisade Wall x1 |
| 19:48 | BombacıMülayim · wall_segment Palisade Wall x1 |
| 19:48 | BombacıMülayim · wall_segment Palisade Wall x1 |
| 20:07 | PolishedPoo · wall_segment Palisade Wall x6 |
| 20:23 | PolishedPoo · first_building Stable |
| 20:41 | PolishedPoo · wall_segment Palisade Wall x4 |
| 21:50 | BombacıMülayim · wall_segment Palisade Wall x1 |
| 21:56 | FeelMySpike · age_up castle |
| 22:01 | Maverick_Taha · age_up castle |
| 22:02 | EJDER · age_up castle |
| 22:03 | EJDER · first_building Siege Workshop |
| 22:04 | PolishedPoo · first_market_buy 100 food |
| 22:37 | EJDER · wall_segment Palisade Wall x2 |
| 22:40 | EJDER · wall_segment Palisade Wall x1 |
| 22:44 | EJDER · wall_segment Palisade Wall x7 |
| 23:02 | FeelMySpike · first_building Monastery |
| 24:31 | BombacıMülayim · wall_segment Stone Wall x1 |
| 24:33 | BombacıMülayim · wall_segment Palisade Wall x1 |
| 24:35 | BombacıMülayim · wall_segment Palisade Wall x1 |
| 24:42 | BombacıMülayim · wall_segment Palisade Wall x1 |
| 24:59 | BombacıMülayim · wall_segment Palisade Wall x1 |
| 25:00 | BombacıMülayim · wall_segment Palisade Wall x1 |
| 25:01 | BombacıMülayim · wall_segment Palisade Wall x1 |
| 25:07 | FeelMySpike · tribute_sent a jugador 2 |
| 25:07 | FeelMySpike · tribute_sent a jugador 3 |
| 25:07 | FeelMySpike · tribute_sent a jugador 4 |
| 25:07 | FeelMySpike · tribute_sent a jugador 5 |
| 25:07 | FeelMySpike · tribute_sent a jugador 6 |
| 25:07 | FeelMySpike · tribute_sent a jugador 7 |
| 25:07 | FeelMySpike · tribute_sent a jugador 8 |
| 25:14 | BombacıMülayim · age_up castle |
| 25:43 | BombacıMülayim · first_building Monastery |
| 26:24 | YuYa_AoE · wall_segment Palisade Wall x1 |
| 26:45 | YuYa_AoE · wall_segment Palisade Wall x1 |
| 26:49 | EJDER · first_building Monastery |
| 27:13 | YuYa_AoE · wall_segment Palisade Wall x1 |
| 28:13 | BombacıMülayim · wall_segment Palisade Wall x1 |
| 28:21 | PolishedPoo · wall_segment Stone Wall x1 |
| 29:32 | BombacıMülayim · wall_segment Palisade Wall x1 |
| 29:34 | PolishedPoo · first_building Castle |
| 29:36 | YuYa_AoE · age_up castle |
| 29:55 | BombacıMülayim · wall_segment Palisade Wall x1 |
| 30:24 | KappaNub · wall_segment Palisade Wall x1 |
| 30:29 | PolishedPoo · wall_segment Palisade Wall x1 |
| 30:33 | EJDER · first_building Castle |
| 30:40 | PolishedPoo · wall_segment Palisade Wall x1 |
| 30:41 | PolishedPoo · wall_segment Palisade Wall x1 |
| 30:43 | PolishedPoo · wall_segment Palisade Wall x1 |
| 30:44 | PolishedPoo · wall_segment Palisade Wall x1 |
| 30:48 | PolishedPoo · wall_segment Palisade Wall x1 |
| 32:16 | YuYa_AoE · first_building Stable |
| 32:49 | YuYa_AoE · wall_segment Palisade Wall x1 |
| 32:50 | YuYa_AoE · wall_segment Palisade Wall x1 |
| 32:52 | YuYa_AoE · wall_segment Palisade Wall x1 |
| 33:20 | PolishedPoo · first_market_sell 500 wood |
| 33:26 | FeelMySpike · first_building Castle |
| 33:36 | FeelMySpike · wall_segment Palisade Wall x1 |
| 33:38 | FeelMySpike · wall_segment Palisade Wall x1 |
| 33:40 | FeelMySpike · wall_segment Palisade Wall x1 |
| 34:12 | FeelMySpike · wall_segment Palisade Wall x1 |
| 34:13 | KappaNub · first_building Siege Workshop |
| 34:14 | FeelMySpike · wall_segment Palisade Wall x1 |
| 34:26 | alican43 · age_up feudal |
| 34:47 | Maverick_Taha · first_building Monastery |
| 35:11 | PolishedPoo · wall_segment Stone Wall x1 |
| 35:19 | Maverick_Taha · first_building Castle |
| 36:18 | PolishedPoo · wall_segment Stone Wall x1 |
| 36:18 | PolishedPoo · wall_segment Stone Wall x1 |
| 36:19 | PolishedPoo · wall_segment Stone Wall x1 |
| 36:19 | PolishedPoo · wall_segment Stone Wall x1 |
| 36:20 | PolishedPoo · wall_segment Stone Wall x1 |
| 36:21 | PolishedPoo · wall_segment Stone Wall x1 |
| 36:21 | PolishedPoo · wall_segment Stone Wall x1 |
| 36:22 | PolishedPoo · wall_segment Stone Wall x1 |
| 36:22 | PolishedPoo · wall_segment Stone Wall x1 |
| 36:23 | PolishedPoo · wall_segment Stone Wall x1 |
| 37:20 | FeelMySpike · first_market_buy 100 food |
| 37:28 | PolishedPoo · wall_segment Stone Wall x21 |
| 37:40 | PolishedPoo · wall_segment Stone Wall x16 |
| 37:56 | alican43 · age_up castle |
| 38:17 | BombacıMülayim · first_market_sell 500 wood |
| 38:40 | FeelMySpike · first_building Siege Workshop |
| 39:07 | Maverick_Taha · age_up imperial |
| 39:08 | PolishedPoo · wall_segment Stone Wall x11 |
| 39:16 | PolishedPoo · wall_segment Stone Wall x11 |
| 39:59 | BombacıMülayim · first_market_buy 500 stone |
| 40:26 | alican43 · first_market_sell 100 food |
| 40:27 | alican43 · first_market_buy 100 wood |
| 40:55 | BombacıMülayim · first_building Castle |
| 41:19 | PolishedPoo · wall_segment Palisade Wall x1 |
| 41:20 | PolishedPoo · wall_segment Palisade Wall x1 |
| 41:28 | YuYa_AoE · first_building Castle |
| 41:50 | BombacıMülayim · wall_segment Stone Wall x10 |
| 41:58 | YuYa_AoE · wall_segment Palisade Wall x1 |
| 42:02 | BombacıMülayim · wall_segment Stone Wall x9 |
| 42:05 | BombacıMülayim · wall_segment Stone Wall x9 |
| 42:11 | BombacıMülayim · wall_segment Stone Wall x8 |
| 42:14 | BombacıMülayim · wall_segment Stone Wall x3 |
| 42:22 | BombacıMülayim · wall_segment Stone Wall x4 |
| 42:22 | BombacıMülayim · wall_segment Stone Wall x4 |
| 42:23 | BombacıMülayim · wall_segment Stone Wall x3 |
| 42:23 | BombacıMülayim · wall_segment Stone Wall x10 |
| 42:27 | BombacıMülayim · wall_segment Stone Wall x4 |
| 42:36 | PolishedPoo · first_building Siege Workshop |
| 42:39 | BombacıMülayim · wall_segment Stone Wall x13 |
| 42:49 | BombacıMülayim · wall_segment Stone Wall x11 |
| 42:51 | BombacıMülayim · wall_segment Stone Wall x12 |
| 43:15 | BombacıMülayim · wall_segment Stone Wall x19 |
| 43:24 | BombacıMülayim · wall_segment Stone Wall x1 |
| 43:47 | PolishedPoo · wall_segment Stone Wall x2 |
| 43:51 | BombacıMülayim · wall_segment Stone Wall x1 |
| 44:13 | BombacıMülayim · wall_segment Stone Wall x4 |
| 44:14 | BombacıMülayim · wall_segment Stone Wall x1 |
| 45:43 | Maverick_Taha · tribute_sent a jugador 1 |
| 45:43 | Maverick_Taha · tribute_sent a jugador 3 |
| 45:43 | Maverick_Taha · tribute_sent a jugador 4 |
| 45:43 | Maverick_Taha · tribute_sent a jugador 5 |
| 45:43 | Maverick_Taha · tribute_sent a jugador 6 |
| 45:43 | Maverick_Taha · tribute_sent a jugador 7 |
| 45:43 | Maverick_Taha · tribute_sent a jugador 8 |
| 45:52 | PolishedPoo · wall_segment Stone Wall x5 |
| 46:29 | YuYa_AoE · resign |
[ AI ANALYSIS · 1 CREDIT ]
What really happened in this match?
Wolo.gg analyzes every decision: build order, eco, micro, common mistakes by bracket. Personalized analysis on WhatsApp or Discord in 30 seconds.
Civ guide
Gurjaras
Perfil
Jugador #10440776